 Dungeon Crawl Stone Soup version 0.29-a0-789-g7a8fcbc185 (webtiles) character file.

Game seed: 3405301829711232400

0 purpskrrrp the Covered (level 1, 0/12 HPs)
             Began as a Deep Elf Wanderer on July 2, 2022.
             Slain by a jackal (1 damage)
             ... on level 1 of the Dungeon.
             The game lasted 00:00:31 (67 turns).

purpskrrrp the Covered (Deep Elf Wanderer)            Turns: 67, Time: 00:00:32

Health: 0/12       AC:  5    Str:  7    XL:     1   Next: 8%
Magic:  5/5        EV:  9    Int: 19    God:
Gold:   0          SH:  0    Dex: 13    Spells: 3/3 levels left

rFire   . . .      SeeInvis .   a - +0 dagger
rCold   . . .      Faith    .   (no shield)
rNeg    . . .      Spirit   .   c - +0 ring mail
rPois   .          Reflect  .   (no helmet)
rElec   .          Harm     .   (no cloak)
rCorr   .          Rampage  .   (no gloves)
Will    .....                   (no boots)
Stlth   +.........              (no amulet)
HPRegen 0.04/turn               (no ring)
MPRegen 0.09/turn               (no ring)

@: no status effects
A: no striking features
a: no special abilities


You were on level 1 of the Dungeon.
You visited 1 branch of the dungeon, and saw 1 of its levels.

Inventory:

Hand Weapons
 a - a +0 dagger (weapon)
Armour
 c - a +0 ring mail (worn)
Potions
 b - a potion of berserk rage
 d - a potion of curing {unknown}


   Skills:
 + Level 1.0 Fighting
 + Level 2.4 Armour
 + Level 1.5 Spellcasting
 + Level 2.1 Fire Magic
 + Level 2.1 Ice Magic
 + Level 1.1 Evocations


You had 3 spell levels left.
You didn't know any spells.
Your spell library contained the following spells:

 Spells                   Type           Power      Damage    Failure   Level
 Freeze                   Ice            36%        1d6       24%         1
 Foxfire                  Conj/Fire      20%        2x1d5     36%         1
 Ensorcelled Hibernation  Hex/Ice        10%        N/A       50%         2
 Conjure Flame            Conj/Fire      5%         6-21      75%         3
 Ice Form                 Ice/Tmut       5%         N/A       98%         4


Dungeon Overview and Level Annotations

Branches:
Dungeon (1/15)

Altars:


Message History

You are too injured to fight recklessly!
You are too injured to fight recklessly!
You are too injured to fight recklessly!
You are too injured to fight recklessly!
You are too injured to fight recklessly!
You are too injured to fight recklessly!
You are too injured to fight recklessly!
You are too injured to fight recklessly!
You are too injured to fight recklessly!
You are too injured to fight recklessly!
You are too injured to fight recklessly!
You are too injured to fight recklessly!
You are too injured to fight recklessly!
You are too injured to fight recklessly!
You are too injured to fight recklessly!
You are too injured to fight recklessly!
You are too injured to fight recklessly!
There are monsters nearby!
You barely miss the jackal.
The jackal is lightly wounded.
The jackal bites you but does no damage. x2
The frilled lizard bites you.
You closely miss the jackal.
The jackal is lightly wounded.
The jackal bites you.
* * * LOW HITPOINT WARNING * * *
The frilled lizard closely misses you.
You hit the jackal but do no damage.
The jackal is lightly wounded.
The jackal barely misses you.
The frilled lizard bites you but does no damage.
The jackal bites you but does no damage.
You miss the jackal.
The jackal is lightly wounded.
The jackal barely misses you. The frilled lizard bites you.
* * * LOW HITPOINT WARNING * * *
You closely miss the jackal.
The jackal is lightly wounded.
The jackal bites you.
You die...

....... .# ...#.# .#
##. #.# .#
#..##.####.###
#.#.#.##.....#
+.#...##.....####
####.#.#............
+......#.##.....###
#####'#.###.##.@h..#
+.....+.# #.####l###
#[....#+# #.# .#
#..><.# ..# .#
#.....# ..# ##
#.....# ..# #######


You could see a jackal and a frilled lizard.

Vanquished Creatures
  A rat (D:1)
1 creature vanquished.

Notes
Turn   | Place    | Note
-------+----------+-------------------------------------------
     0 | D:1      | purpskrrrp the Deep Elf Wanderer began the quest for the
                  | Orb.
     0 | D:1      | purpskrrrp set off with the following items: a +0 dagger, a
                  | potion of berserk rage, a +0 ring mail; and the following
                  | spells available to memorise: Freeze, Foxfire, Ensorcelled
                  | Hibernation, Conjure Flame, Ice Form.
     0 | D:1      | Reached XP level 1. HP: 12/12 MP: 5/5
    67 | D:1      | Slain by a jackal

Illustrated notes

Levels and vault maps discovered:
D:1:      shiori_arrival_maze, layout_loops_ring,
          shapermc_ecumenical_altar_petra

Action                   || total
-------------------------++-------
Melee: Dagger            ||    21
Armor: Ring mail         ||    15
Dodge: Dodged            ||    15

Table legend: (Time is in decaauts)
 A = Elapsed time spent in this place.
 B = Non-inter-level travel time spent in this place.
 C = Inter-level travel time spent in this place.
 D = Time resting spent in this place.
 E = Time spent auto-exploring this place.
 F = Levels seen in this place.
 G = Mean time per level.
                   A        B        C        D        E       F      G
               +--------+--------+--------+--------+--------+-----+--------+
         Total |     67 |     67 |      0 |      0 |     42 |   1 |   67.0 |
       Dungeon |     67 |     67 |      0 |      0 |     42 |   1 |   67.0 |
               +--------+--------+--------+--------+--------+-----+--------+

Top non-repeatable levels by time:
     D:1: 67 daAuts
